 Dungeon Crawl Stone Soup version 0.24-b1-30-g840c9efd86 (webtiles) character file.

Game seed: 8758336487075318597, levelgen mode: deterministic

2236 Lucydeus the Poker (level 9, 0/68 HPs)
             Began as a Formicid Fighter on Oct 23, 2019.
             Succumbed to a gnoll's poison
             ... on level 6 of the Dungeon.
             The game lasted 00:11:52 (5956 turns).

Lucydeus the Poker (Formicid Fighter)               Turns: 5956, Time: 00:11:53

Health: 0/68       AC: 12    Str: 25    XL:     9   Next: 63%
Magic:  18/18      EV:  9    Int: 11    God:
Gold:   296        SH: 11    Dex: 10    Spells: 8/8 levels left

rFire    . . .     SeeInvis +   i - +8 spear "Ufirixy" {venom, MP+9 Int+4 SInv}
rCold    . . .     Gourm    .   c - +1 shield
rNeg     . . .     Faith    .   b - +0 scale mail
rPois    .         Spirit   .   (helmet unavailable)
rElec    .         Reflect  .   (no cloak)
rCorr    .         Harm     .   A - +0 pair of gloves (curse)
MR       .....     Clarity  +   q - +2 pair of boots
Stlth    ..........             (no amulet)
HPRegen  0.21/turn              (no ring)
MPRegen  0.16/turn              (no ring)

@: lethally poisoned (0 -> -6)
A: permanent stasis, dig shafts and tunnels, four strong arms, antennae 3,
hooves 1, clarity
a: Dig, Shaft Self


You were on level 6 of the Dungeon.
You were not hungry.

You visited 1 branch of the dungeon, and saw 6 of its levels.

You collected 296 gold pieces.

Inventory:

Hand Weapons
 a - a +2 war axe
 i - the +8 spear "Ufirixy" (weapon) {venom, MP+9 Int+4 SInv}
   (You found it on level 4 of the Dungeon)

   It poisons the flesh of those it strikes.
   It affects your intelligence (+4).
   It affects your magic capacity (+9).
   It lets you see invisible.
 o - a +0 broad axe
Armour
 b - a +0 scale mail (worn)
 c - a +1 shield (worn)
 q - a +2 pair of boots (worn)
 A - a cursed +0 pair of gloves (worn)
Wands
 j - a wand of acid (9)
 x - a wand of random effects (20)
Scrolls
 e - a scroll of immolation {unknown}
 h - a scroll of fog
 l - a scroll of amnesia
 t - 2 scrolls of magic mapping
 w - 5 scrolls of remove curse
 y - a scroll of fear
Potions
 d - a potion of might
 g - a potion of invisibility
 k - a potion of agility
 m - 2 potions of lignification
 n - a potion of magic
 p - a potion of resistance {unknown}
 r - 2 potions of curing
 s - 6 potions of heal wounds
 u - 2 potions of haste
 v - a potion of flight {unknown}
 z - 2 potions of brilliance {unknown}
Comestibles
 f - 12 rations


   Skills:
 + Level 5.2 Fighting
 - Level 4.9(7.1) Axes
 * Level 7.9(8.6) Polearms
 + Level 6.0 Armour
 + Level 1.7 Dodging
 + Level 1.5 Stealth
 + Level 6.3 Shields


You had 8 spell levels left.
You didn't know any spells.
Your spell library was empty.

Dungeon Overview and Level Annotations

Branches:
Dungeon (6/15)
 Temple: D:4-7

Altars:
Fedhas
Nemelex Xobeh
Xom
The Shining One

Shops:
D:5 }

Annotations:
D:6 1 transporter, Esekla's ghost, amateur DEWz


Innate Abilities, Weirdness & Mutations

You cannot be hasted, slowed, berserked, paralysed or teleported.
You can dig through walls and to a lower floor.
Your four strong arms can wield two-handed weapons with a shield.
You have a pair of large antennae on your head. (SInv)
You have large cloven feet.
You possess an exceptional clarity of mind.


Message History

Esekla's ghost hits you but does no damage.
You block the gnoll sergeant's attack.
You puncture Esekla's ghost!
Esekla's ghost is moderately damaged.
You block the gnoll sergeant's attack.
You barely miss Esekla's ghost.
Esekla's ghost is moderately damaged.
* * * LOW HITPOINT WARNING * * *
You feel sick.
You block the gnoll sergeant's attack. x2
You block Esekla's ghost's attack.
The gnoll sergeant hits you but does no damage.
You hit Esekla's ghost but do no damage.
Esekla's ghost is moderately damaged.
You block the gnoll sergeant's attack.
The gnoll sergeant hits you but does no damage.
Esekla's ghost points at you and mumbles some strange words.
The magic dart hits you but does no damage.
You completely miss Esekla's ghost.
Esekla's ghost is moderately damaged.
You die...

....................## ##........
.....................####.......)
..............................###
....≈≈≈≈≈≈≈≈≈≈≈≈≈≈≈≈≈≈≈≈≈≈≈≈≈.#..
....≈≈≈≈≈≈≈≈≈≈≈≈≈≈≈≈≈≈≈≈≈≈≈≈≈....
....≈≈#####.....!.....#####≈≈....
....≈≈#.8.#.###.©.###.#g8g#≈≈.#..
....≈≈#...###.#####.###...#≈≈.#..
....≈≈###......W@.g.....###≈≈.#..
....≈≈.8#.######)######.#8.≈≈.#..
....≈≈.##.#.⌠{#gg8# #.##.≈≈.#..
....≈≈.#g.'....ggg# g' .#.≈≈.###
....≈≈.##.#.⌠.#.g8# %.# ##.≈≈.# #
....≈≈.8#.######'######g#8.≈≈.###
....≈≈###.. . ..........###≈≈..(.
....≈≈#.{.###g#####g###...#≈≈....
....≈≈#g8.#.###.©.###.#.8.#≈≈....


You could see 3 gnoll sergeants, a gnoll shaman, Esekla's ghost and 3 gnolls.

Vanquished Creatures
  An unseen horror (D:6)
  Edmund (D:6)
  A water moccasin (D:5)
  A phantom (D:6)
  3 centaurs
  3 bullfrogs (D:6)
  A scorpion (D:4)
  A crimson imp (D:5)
  6 orc priests
  2 hounds
  A bullfrog skeleton (D:4)
  Terence (D:3)
  3 iguanas
  4 orc wizards
  3 worker ants
  4 gnolls (D:6)
  10 adders
  8 river rats (D:6)
  A shadow imp (D:5)
  An adder skeleton (D:4)
  A worm (D:3)
  5 dart slugs
  4 leopard geckos
  22 orcs
  A ball python (D:2)
  4 bats
  3 giant cockroaches
  9 goblins
  11 hobgoblins
  7 kobolds
  13 quokkas
  5 frilled lizards
  A jackal skeleton (D:4)
  2 leopard gecko skeletons
  A quokka skeleton (D:6)
  A quokka zombie (D:6)
  25 rats
171 creatures vanquished.

Vanquished Creatures (others)
  6 plants (D:6)
6 creatures vanquished.

Grand Total: 177 creatures vanquished

Notes
Turn   | Place    | Note
-------+----------+-------------------------------------------
     0 | D:1      | Lucydeus the Formicid Fighter began the quest for the Orb.
     0 | D:1      | Reached XP level 1. HP: 18/18 MP: 1/1
   128 | D:1      | Reached XP level 2. HP: 24/24 MP: 2/2
   308 | D:1      | Reached XP level 3. HP: 29/29 MP: 3/3
   889 | D:2      | Reached XP level 4. HP: 24/37 MP: 4/4
  1338 | D:2      | Reached XP level 5. HP: 39/42 MP: 5/5
  1487 | D:3      | Noticed Terence
  1631 | D:3      | Killed Terence
  1982 | D:3      | Reached XP level 6. HP: 31/48 MP: 6/6
  2492 | D:3      | Found a shimmering altar of Xom.
  2923 | D:3      | Gained mutation: You have large cloven feet. [potion of
                  | mutation]
  2923 | D:3      | Gained mutation: You possess an exceptional clarity of
                  | mind. [potion of mutation]
  2998 | D:4      | Got a bloodstained spear
  3004 | D:4      | Identified the +8 spear "Ufirixy" {venom, MP+9 Int+4 SInv}
                  | (You found it on level 4 of the Dungeon)
  3229 | D:4      | Reached skill level 1 in Polearms
  3229 | D:4      | Reached XP level 7. HP: 39/54 MP: 7/7
  3464 | D:4      | Reached skill level 2 in Polearms
  3469 | D:4      | Reached skill level 1 in Dodging
  3955 | D:5      | Entered Level 5 of the Dungeon
  4029 | D:5      | Reached skill level 3 in Polearms
  4212 | D:5      | Noticed a water moccasin
  4221 | D:5      | Killed a water moccasin
  4221 | D:5      | Reached skill level 5 in Armour
  4221 | D:5      | Reached skill level 5 in Shields
  4221 | D:5      | Reached XP level 8. HP: 50/61 MP: 8/8
  4387 | D:5      | Found a glowing golden altar of the Shining One.
  4457 | D:5      | Found Fief's Gadget Shoppe.
  4538 | D:5      | Reached skill level 4 in Polearms
  4899 | D:6      | Reached skill level 5 in Polearms
  4926 | D:6      | Reached skill level 1 in Stealth
  5140 | D:6      | Reached skill level 6 in Polearms
  5197 | D:6      | Found a sparkling altar of Nemelex Xobeh.
  5198 | D:6      | Found a transporter.
  5212 | D:6      | Reached XP level 9. HP: 28/67 MP: 9/9
  5402 | D:6      | Found a transporter.
  5409 | D:6      | Noticed Esekla's ghost (amateur DEWz)
  5547 | D:6      | Noticed Edmund
  5570 | D:6      | Killed Edmund
  5648 | D:6      | Found a blossoming altar of Fedhas.
  5653 | D:6      | Reached skill level 7 in Polearms
  5660 | D:6      | Noticed an unseen horror
  5721 | D:6      | Killed an unseen horror
  5721 | D:6      | Reached skill level 5 in Fighting
  5950 | D:6      | HP: 3/68 [gnoll/cursed -1 halberd (8)]
  5954 | D:6      | HP: 1/68 [poisoned by a gnoll]
  5956 | D:6      | Succumbed to a gnoll's poison

Skill      XL: |  1  2  3  4  5  6  7  8  9 |
---------------+----------------------------+-----
Shields        | 4 5 6 |  6.3
Axes           | 3 4 |  4.9
Armour         | 4 5 6 |  6.0
Fighting       | 4 5 |  5.2
Polearms       | 1 3 6 7 |  7.9
Dodging        | 1 |  1.7
Stealth        | 1 |  1.5

Action                   |  1- 3 |  4- 6 |  7- 9 || total
-------------------------+-------+-------+-------++-------
Melee: War axe           |    64 |    35 |       ||    99
       Broad axe         |       |   151 |       ||   151
       Spear             |       |    26 |   236 ||   262
  Use: Scroll            |     5 |    10 |     5 ||    20
       Potion            |       |     1 |       ||     1
  Eat: Chunk             |       |     5 |     4 ||     9
       Ration            |       |     1 |     2 ||     3
Armor: Scale mail        |    28 |    74 |    39 ||   141
Dodge: Dodged            |    19 |    74 |    43 ||   136
Block: Shield            |    34 |    95 |    92 ||   221
